 Dungeon Crawl Stone Soup version 0.29.1-1-gd02db6906a (console) character file.

Game seed: 5361602798039894955

25872 om the Impaler (level 13, -1/93 HPs)
             Began as a Merfolk Berserker on Sept 30, 2022.
             Was an Elder of Trog.
             Slain by an orc warlord
             ... wielding a +0 great mace
              (19 damage)
             ... on level 1 of the Orcish Mines.
             The game lasted 00:29:33 (13474 turns).

om the Impaler (Merfolk Berserker)                 Turns: 13474, Time: 00:29:34

Health: -1/93      AC: 14    Str: 27    XL:     13   Next: 22%
Magic:  13/13      EV: 19    Int:  6    God:    Trog [****..]
Gold:   1272       SH:  5    Dex: 15    Spells: 12/12 levels left

rFire   . . .      SeeInvis .   a - +4 demon trident (vamp)
rCold   . . .      Faith    .   (no shield)
rNeg    . . .      Spirit   .   N - +0 acid dragon scales
rPois   +          Reflect  +   w - +2 hat
rElec   .          Harm     .   A - +0 cloak
rCorr   +          Rampage  .   m - +0 pair of gloves
Will    .....                   j - +0 pair of boots
Stlth   +.........              l - amulet of reflection
HPRegen 0.25/turn               d - ring of poison resistance
MPRegen 0.13/turn               n - +6 ring of strength

@: hasted, very quick
A: (nimble swimmer 2), mertail
a: Renounce Religion, Berserk, Trog's Hand, Brothers in Arms


You were on level 1 of the Orcish Mines.
You worshipped Trog.
Trog was greatly pleased with you.
You visited 3 branches of the dungeon, and saw 14 of its levels.

You collected 1368 gold pieces.
You spent 96 gold pieces at shops.

Inventory:

Hand Weapons
 a - a +4 vampiric demon trident (weapon)
Missiles
 M - 4 throwing nets (quivered)
Armour
 j - a +0 pair of boots (worn)
 m - a +0 pair of gloves (worn)
 w - a +2 hat (worn)
 A - a +0 cloak (worn)
 N - +0 acid dragon scales (worn)
 O - the +0 helmet of Shielding {*Corrode rPois rF+}
   (You found it on level 9 of the Dungeon)

   rF:        It protects you from fire.
   rPois:     It protects you from poison.
   *Corrode:  It may corrode you when you take damage.
Jewellery
 d - a ring of poison resistance (left hand)
 e - a ring of magical power
 l - an amulet of reflection (around neck)
 n - a +6 ring of strength (right hand)
 D - a ring of flight
 I - a +4 ring of slaying
 L - a ring of positive energy
Wands
 b - a wand of mindburst (10)
 g - a wand of charming (4)
 z - a wand of polymorph (7)
 G - a wand of flame (19)
 J - a wand of digging (1)
 K - a wand of quicksilver (8)
Scrolls
 h - 2 scrolls of blinking {unknown}
 i - a scroll of silence
 o - 2 scrolls of fear
 p - 6 scrolls of teleportation
 s - 2 scrolls of noise
 v - a scroll of enchant armour
 x - 2 scrolls of immolation {unknown}
 y - a scroll of poison
 B - 2 scrolls of vulnerability
Potions
 c - 5 potions of heal wounds
 f - a potion of attraction {unknown}
 k - 6 potions of curing
 q - a potion of resistance
 r - 3 potions of might
 t - 2 potions of cancellation
 u - 6 potions of haste
 E - 4 potions of ambrosia
 H - a potion of flight {unknown}


   Skills:
 - Level 6.0 Fighting
 * Level 19.1 Polearms
 + Level 7.5 Armour
 + Level 14.7 Dodging
 + Level 5.4 Evocations


You had 12 spell levels left.
You didn't know any spells.
Your spell library was empty.

Dungeon Overview and Level Annotations

Branches:
Dungeon (10/15)            Temple (0/1) D:5            Lair (2/5) D:10
  Swamp (0/4) Lair:2          Orc (2/2) D:10            Elf (0/3) Orc:2
  Snake: Lair:2-3    Spider: Lair:2-3

Altars:
Nemelex Xobeh
Ru
Sif Muna
Vehumet

Shops:
D:1 *   D:2 *   D:7 :   D:10 (   Orc:2 :=


Innate Abilities, Weirdness & Mutations

((You are very nimble when in or above water. (Stealth+, EV+, Speed+++)))
Your lower body shifts to a powerful aquatic tail in water.


Message History

You start resting.
You recover from your berserk rage.
You start resting.
HP restored.
Items here: ( ) [ ÷.
Things that are here:
a +0 dire flail; a +0 dire flail
There is a stone staircase leading down, spattered with blood here.
You climb downwards.
The orc shouts!
You hear a shout! x2
The orc warlord hits you with a +0 great mace!!
The orc warrior completely misses you. The orc warrior misses you.
The orc warlord roars a battlecry!
The orcs go into a battle-frenzy!
The orc warrior hits you with a +0 hand axe!
The orc throws a boomerang.
The boomerang hits you but does no damage.
The orc warrior hits you with a +0 long sword!
There is a stone staircase leading up, spattered with blood here.
The orc warlord misses you. The orc warrior closely misses you.
The orc warrior hits you with a +0 long sword!
You climb upwards.
There is a stone staircase leading down, spattered with blood here.
Unknown command.
Okay, then.
You feel yourself speed up.
The orc warlord hits you with a +0 great mace!
* * * LOW HITPOINT WARNING * * *
The orc warrior closely misses you. You block the orc warrior's attack.
You fail to use your ability.
Your ogre goes berserk!
The orc warrior hits your ogre with a +0 hand axe!!
Your ogre hits the orc warrior with a +0 giant club!!
The orc warrior hits your ogre with a +0 hand axe!
The orc warrior hits your ogre with a +0 long sword!
Your ogre dies!
Your ogre's corpse disappears in a puff of smoke!
You fail to use your ability.
The orc warlord hits you with a +0 great mace!!
You die...

### #####
##.####≈≈.######
#...##≈≈≈..##..#####
#...###≈§........#.##
#....##§§.....o@....#
##...##§§..##oo....##
##...##≈§.≈##......#
#....##≈≈≈##.......#
##....##§##....#...#
##......###......#.##
#..........>[....###
##........)[..#....##
#..........).##....#


You could see an orc warlord and 2 orc warriors.

Vanquished Creatures
  Gastronok (Lair:1)
  An ettin (Orc:1)
  Harold (D:9)
  A boulder beetle (Lair:1)
  4 hydras
  3 two-headed ogres
  3 death yaks
  Pikel (D:9)
  4 orc knights
  2 orc sorcerers (Orc:1)
  A black mamba (Lair:2)
  3 rime drakes
  3 kobold demonologists (D:10)
  5 cane toads
  3 trolls
  2 shadows (D:9)
  A wraith (D:10)
  A vampire (D:5)
  3 wyverns (Lair:2)
  16 yaks
  A steam dragon (D:9)
  2 swamp worms (Lair:2)
  2 acid dragons
  6 wargs
  8 water moccasins
  7 orc warriors
  An ice beast (D:5)
  A sky beast (D:7)
  A black bear (D:6)
  2 centaurs
  3 ogres
  4 wolves (Lair:1)
  A lemure (D:9)
  2 phantoms (D:5)
  2 kobold brigands
  3 necrophages
  A scorpion (D:5)
  5 bullfrogs
  A gnoll sergeant (D:8)
  4 wights
  13 killer bees
  6 howler monkeys
  2 electric eels
  3 hounds
  A quasit (D:4)
  4 orc priests
  2 jellies (D:6)
  Crazy Yiuf (D:7)
  9 orc wizards
  Natasha (thrice) (D:4)
  Terence (D:2)
  3 iguanas
  9 gnolls
  4 adders
  3 river rats (D:10)
  5 shadow imps
  6 white imps
  3 ufetubi
  A worm (D:2)
  2 dart slugs
  24 orcs
  4 bats
  6 endoplasms
  3 giant cockroaches
  13 goblins
  8 hobgoblins
  5 jackals
  10 quokkas
  8 ball pythons
  2 frilled lizards (D:1)
  11 kobolds
  7 rats
298 creatures vanquished.

Vanquished Creatures (others)
  A demonic plant (D:4)
  20 fungi
  A plant (Lair:2)
22 creatures vanquished.

Grand Total: 320 creatures vanquished

Notes
Turn   | Place    | Note
-------+----------+-------------------------------------------
     0 | D:1      | om the Merfolk Berserker began the quest for the Orb.
     0 | D:1      | Reached XP level 1. HP: 18/18 MP: 1/1
    19 | D:1      | Found Epraewyrr's Assorted Antiques.
   158 | D:1      | Reached XP level 2. HP: 13/24 MP: 2/2
   490 | D:1      | Found a faded altar of an unknown god.
   745 | D:2      | Reached XP level 3. HP: 29/29 MP: 3/3
   767 | D:2      | Identified a scroll of acquirement
   848 | D:2      | Reached skill level 5 in Polearms
   947 | D:2      | Noticed Terence
   950 | D:2      | Killed Terence
  1114 | D:2      | Reached XP level 4. HP: 27/35 MP: 4/4
  1116 | D:2      | Acquired a +1 vampiric demon trident
  1241 | D:2      | Found Agarcheze's General Store.
  1254 | D:2      | Bought a potion of mutation for 96 gold pieces
  1793 | D:2      | Reached ** piety under Trog
  1867 | D:3      | Reached skill level 6 in Polearms
  1922 | D:3      | Reached XP level 5. HP: 41/41 MP: 5/5
  2321 | D:4      | Reached skill level 7 in Polearms
  2329 | D:4      | Identified the +6 mace "Zyuq" {venom, *Noise Str+8}
  2400 | D:4      | Reached XP level 6. HP: 45/47 MP: 6/6
  2751 | D:4      | Reached *** piety under Trog
  2868 | D:4      | Reached skill level 8 in Polearms
  3291 | D:4      | Noticed Natasha
  3301 | D:4      | Killed Natasha
  3302 | D:4      | Reached XP level 7. HP: 53/54 MP: 7/7
  3519 | D:4      | Noticed Natasha
  3526 | D:4      | Killed Natasha
  3831 | D:4      | Noticed Natasha
  3838 | D:4      | Killed Natasha
  3867 | D:5      | Entered Level 5 of the Dungeon
  3956 | D:5      | Found a staircase to the Ecumenical Temple.
  4333 | D:5      | Reached skill level 5 in Armour
  4336 | D:5      | Reached XP level 8. HP: 47/60 MP: 8/8
  4343 | D:5      | Reached skill level 5 in Dodging
  4578 | D:5      | Noticed a vampire
  4754 | D:5      | Killed a vampire
  4877 | D:5      | Noticed a troll
  4888 | D:5      | Killed a troll
  4960 | D:5      | Reached skill level 9 in Polearms
  5153 | D:6      | Reached XP level 9. HP: 65/65 MP: 9/9
  5223 | D:6      | Reached skill level 10 in Polearms
  5537 | D:7      | Reached **** piety under Trog
  5616 | D:7      | Reached skill level 11 in Polearms
  5712 | D:7      | Found a sparkling altar of Nemelex Xobeh.
  5806 | D:7      | Reached skill level 12 in Polearms
  5955 | D:7      | Found Loyntush's Book Emporium.
  6117 | D:7      | Reached skill level 5 in Fighting
  6479 | D:7      | Found a runed translucent door.
  6480 | D:7      | Noticed Crazy Yiuf
  6488 | D:7      | Killed Crazy Yiuf
  6580 | D:7      | Reached skill level 1 in Evocations
  6745 | D:8      | Reached skill level 13 in Polearms
  6851 | D:8      | Reached XP level 10. HP: 74/74 MP: 10/10
  7162 | D:9      | Noticed a two-headed ogre
  7175 | D:9      | Killed a two-headed ogre
  7176 | D:9      | Reached skill level 14 in Polearms
  7372 | D:9      | Noticed Harold
  7372 | D:9      | Noticed a two-headed ogre
  7403 | D:8      | Killed a two-headed ogre
  7463 | D:9      | Killed Harold
  7464 | D:9      | Reached skill level 15 in Polearms
  7584 | D:9      | Noticed Pikel
  7603 | D:9      | Killed Pikel
  7604 | D:9      | Reached skill level 16 in Polearms
  7992 | D:9      | Reached XP level 11. HP: 77/79 MP: 11/11
  8031 | D:9      | Identified the +0 helmet of Shielding {*Corrode rPois rF+}
  8212 | D:10     | Entered Level 10 of the Dungeon
  8231 | D:10     | Found a staircase to the Orcish Mines.
  8291 | D:10     | Found a shimmering blue altar of Sif Muna.
  8311 | D:10     | Found Dianat's Weapon Shoppe.
  8325 | D:10     | Noticed a death yak
  8325 | D:10     | Noticed a death yak
  8411 | D:9      | Killed a death yak
  8412 | D:9      | Reached skill level 17 in Polearms
  8483 | D:10     | Killed a death yak
  8510 | D:10     | Noticed a death yak
  8535 | D:10     | Killed a death yak
  8536 | D:10     | Reached skill level 18 in Polearms
  8543 | D:10     | Found a staircase to the Lair.
  8767 | D:10     | Found a sacrificial altar of Ru.
  8767 | D:10     | Noticed an orc knight
  8782 | D:10     | Killed an orc knight
  8883 | D:10     | Noticed a soul eater
  9158 | Orc:1    | Entered Level 1 of the Orcish Mines
  9159 | Orc:1    | Noticed an ettin
  9173 | Orc:1    | Killed an ettin
  9281 | Orc:1    | Noticed an orc sorcerer
  9314 | Lair:1   | Entered Level 1 of the Lair of Beasts
  9336 | Lair:1   | Reached skill level 10 in Dodging
  9583 | Lair:1   | Noticed Gastronok
  9599 | Lair:1   | Killed Gastronok
  9600 | Lair:1   | Reached XP level 12. HP: 64/88 MP: 12/12
  9951 | Lair:1   | Found a radiant altar of Vehumet.
  9958 | Lair:1   | Noticed a boulder beetle
  9998 | Lair:1   | Killed a boulder beetle
 10362 | Lair:1   | Noticed a four-headed hydra
 10378 | Lair:1   | Killed a four-headed hydra
 11013 | Lair:2   | Found a radiant altar of Vehumet.
 11550 | Lair:2   | Noticed a four-headed hydra
 11561 | Lair:2   | Killed a four-headed hydra
 12079 | Lair:2   | Noticed a six-headed hydra
 12091 | Lair:2   | Killed a six-headed hydra
 12096 | Lair:2   | Noticed an eight-headed hydra
 12105 | Lair:2   | Killed an eight-headed hydra
 12148 | Lair:2   | Found a staircase to the Swamp.
 12704 | Orc:2    | Entered Level 2 of the Orcish Mines
 12725 | Orc:2    | Found Watis's Vocational Training.
 12792 | Orc:2    | Found Limuj's Jewellery Shop.
 12803 | Orc:2    | Noticed a sun demon
 12810 | Orc:1    | Reached XP level 13. HP: 66/93 MP: 13/13
 12978 | Orc:1    | Paralysed by an orc sorcerer for 5 turns
 12988 | Orc:1    | Reached skill level 5 in Evocations
 13210 | Orc:2    | Reached skill level 19 in Polearms
 13330 | Orc:2    | Found a staircase to the Elven Halls.
 13363 | Orc:2    | Noticed an orc warlord
 13474 | Orc:1    | Slain by an orc warlord

Illustrated notes

Levels and vault maps discovered:
D:1:      lemuel_arrival_funnel, layout_basic, serial_shops, shop,
          basic_ecumenical_altar
D:2:      minmay_door_path, layout_basic, serial_shops, nicolae_shop_crystal,
          chequers_arboretum, minmay_door_square, uniq_terence
D:3:      layout_rooms
D:4:      layout_layer_cave, serial_demonic, serial_demonic_g, serial_demonic_d,
          serial_demonic_d, serial_demonic_a, uniq_natasha
D:5:      layout_rooms, minmay_temple_entry_butterflies, minmay_manual_mullet
D:6:      layout_cave_pools, abandoned_shop
D:7:      layout_basic, lemuel_round_altar, serial_shops,
          nicolae_take_the_stairs, uniq_crazy_yiuf_cottage
D:8:      cheibrodos_quashed, layout_cave_pools, serial_column_ruins,
          column_ruins_hut_ruined, column_ruins_columns_straight,
          column_ruins_open_medium, column_ruins_corridor_plus,
          column_ruins_corridor_straight, column_ruins_corridor_straight,
          column_ruins_columns_straight
D:9:      layout_basic, uniq_harold, uniq_pikel
D:10:     layout_long_grid, lemuel_crystal_altar, lemuel_round_altar,
          dpeg_lair_monsters, serial_shops, shop, minmay_misc_feat_cross
Lair:1:   layout_cave_pods, basic_altar, serial_bayou_shore_a, uniq_gastronok
Lair:2:   layout_small_grid, palyth_hydra_swamp_entry, basic_altar,
          serial_bayou_pond_b
Orc:1:    layout_caves, serial_shops, shop_scrolls, nicolae_orc_lava_room
Orc:2:    grunt_orc_gardens, layout_caves, grunt_orc_garden, grunt_orc_garden,
          grunt_orc_garden, grunt_orc_garden, nicolae_shop_vocational

Skill      XL: |  1  2  3  4  5  6  7  8  9 10 11 12 13 |
---------------+----------------------------------------+-----
Dodging        | 3 4 8 12 14 | 14.7
Polearms       | 5 6 7 8 9 13 16 18 19 | 19.1
Armour         | 2 3 5 6 7 |  7.5
Fighting       | 4 5 6 |  6.0
Evocations     | 2 4 5 |  5.4

Action                   |  1- 3 |  4- 6 |  7- 9 | 10-12 | 13-15 || total
-------------------------+-------+-------+-------+-------+-------++-------
Melee: Spear             |    74 |       |       |       |       ||    74
       Demon trident     |       |   192 |   296 |   505 |    96 ||  1089
       Punch             |       |       |     4 |     7 |     1 ||    12
       Unarmed           |       |       |     2 |       |       ||     2
       Tailslap          |       |       |     1 |     1 |       ||     2
Invok: Berserk           |     1 |     2 |     4 |    14 |     2 ||    23
       Brothers in Arms  |       |       |       |     1 |     1 ||     2
  Use: Scroll            |     4 |     5 |     2 |     8 |       ||    19
       Potion            |       |       |     1 |     1 |     1 ||     3
 Stab: Sleeping          |     2 |       |       |       |       ||     2
       Distracted        |       |       |       |     1 |       ||     1
Armor: Animal skin       |     7 |       |       |       |       ||     7
       Chain mail        |       |    97 |   115 |    29 |       ||   241
       Acid dragon scale |       |       |       |    62 |    26 ||    88
Dodge: Dodged            |    32 |    77 |    95 |   221 |    49 ||   474
Block: Other             |       |    39 |    45 |    81 |     9 ||   174
       Reflection        |       |       |     2 |     1 |       ||     3
